 Dungeon Crawl Stone Soup version 0.29-a0-378-gc08b2e8bf8 (webtiles) character file.

Game seed: 4312375849836588489

23 benadryl the Firebug (level 2, 0/20 HPs)
             Began as a Draconian Fire Elementalist on May 4, 2022.
             Frozen to death by an endoplasm (1 damage)
             ... on level 2 of the Dungeon.
             The game lasted 00:01:19 (1288 turns).

benadryl the Firebug (Draconian Fire Elementalist)  Turns: 1288, Time: 00:01:19

Health: 0/20       AC:  6    Str: 10    XL:     2   Next: 72%
Magic:  0/5        EV: 12    Int: 15    God:
Gold:   61         SH:  0    Dex: 11    Spells: 2/5 levels left

rFire   . . .      SeeInvis .   h - +0 short sword
rCold   . . .      Faith    .   (no shield)
rNeg    . . .      Spirit   .   (body armour unavailable)
rPois   .          Reflect  .   (helmet restricted)
rElec   .          Harm     .   (no cloak)
rCorr   .          Rampage  .   (no gloves)
Will    .....                   i - +1 pair of boots
Stlth   ++........              (no amulet)
HPRegen 0.06/turn               (no ring)
MPRegen 0.09/turn               (no ring)

@: attractive, slowed, very slow
A: AC +4, unfitting armour, cold-blooded
a: no special abilities


You were on level 2 of the Dungeon.
You visited 1 branch of the dungeon, and saw 2 of its levels.

You collected 61 gold pieces.

Inventory:

Hand Weapons
 h - a +0 short sword (weapon)
Missiles
 f - 2 atropa-tipped darts
 g - 6 silver boomerangs
Armour
 i - a +1 pair of boots (worn)
Scrolls
 c - a scroll of poison {unknown}
 d - 2 scrolls of identify {unknown}
 e - a scroll of noise {unknown}
Potions
 a - a potion of magic
 j - a potion of lignification {unknown}
 k - 2 potions of curing {unknown}


   Skills:
 - Level 1.7 Dodging
 - Level 1.7 Stealth
 + Level 2.3 Spellcasting
 - Level 1.0 Conjurations
 * Level 3.7 Fire Magic


You had 2 spell levels left.
You knew the following spells:

 Your Spells              Type           Power      Damage    Failure   Level
a - Foxfire               Conj/Fire      32%        2x1d5     9%          1
b - Scorch                Fire           26%        2d6       7%          2

Your spell library contained the following spells:

 Spells                   Type           Power      Damage    Failure   Level
 Conjure Flame            Conj/Fire      8%         6-21      24%         3
 Inner Flame              Hex/Fire       7%         N/A       30%         3
 Flame Wave               Conj/Fire      8%         2d5       63%         4


Dungeon Overview and Level Annotations

Branches:
Dungeon (2/15)

Altars:


Innate Abilities, Weirdness & Mutations

Your plain brown scales are hard. (AC +4)
You cannot fit into any form of body armour.
You are cold-blooded and may be slowed by cold attacks.


Message History

Casting: Foxfire (safe; 9% risk of failure)
Confirm with . or Enter, or press ? or * to list all spells.
Flames lash the adder.
The adder is heavily wounded.
The adder's fire resistance burns away.
The adder barely misses you. The adder bites you but does no damage.
The endoplasm hits you.
Casting: Scorch (safe; 7% risk of failure)
Confirm with . or Enter, or press ? or * to list all spells.
Flames lash the endoplasm.
The endoplasm is severely wounded.
The endoplasm's fire resistance burns away.
The adder bites you but does no damage. The endoplasm freezes you.
You are frozen.
The adder bites you but does no damage.
The endoplasm hits you but does no damage.
Casting: Scorch (safe; 7% risk of failure)
Confirm with . or Enter, or press ? or * to list all spells.
You don't have enough magic to cast this spell.
Casting: Scorch (safe; 7% risk of failure)
Confirm with . or Enter, or press ? or * to list all spells.
You conjure some foxfire!
You feel yourself speed up. The adder bites you but does no damage.
The adder barely misses you. The endoplasm freezes you.
You are frozen.
* * * LOW HITPOINT WARNING * * *
You feel yourself slow down.
It was a potion of attraction.
You feel attractive to monsters.
The adder is no longer more vulnerable to fire.
The endoplasm is no longer more vulnerable to fire.
The foxfire hits the adder but does no damage.
The adder is heavily wounded.
The foxfire hits the adder.
The adder is almost dead.
The adder bites you.
* * * LOW HITPOINT WARNING * * *
The endoplasm freezes you.
You are frozen.
You die...

###
...#####
#.#...##
###......#
.........#
#...J..#
#..@#
#..S..?#
#..###.#
#.. # #..
... #..#
#..


You could see an adder and an endoplasm.

Vanquished Creatures
  2 dart slugs (D:1)
  2 bats (D:1)
  3 endoplasms
  A giant cockroach (D:1)
  2 goblins (D:1)
  3 hobgoblins (D:1)
  2 kobolds (D:1)
15 creatures vanquished.

Vanquished Creatures (others)
  18 foxfires
18 creatures vanquished.

Grand Total: 33 creatures vanquished

Notes
Turn   | Place    | Note
-------+----------+-------------------------------------------
     0 | D:1      | benadryl the Draconian Fire Elementalist began the quest
                  | for the Orb.
     0 | D:1      | Reached XP level 1. HP: 14/14 MP: 3/3
   566 | D:1      | Reached XP level 2. HP: 20/20 MP: 3/5
  1219 | D:1      | Learned a level 2 spell: Scorch
  1288 | D:2      | HP: 1/20 [adder (2)]
  1288 | D:2      | Frozen to death by an endoplasm

Illustrated notes

Levels and vault maps discovered:
D:1:      saegor_arrival_simple_e, layout_loops_cross, minmay_fountain_box
D:2:      layout_loops_cross, hellmonk_ecumenical_altar_lost_god,
          minmay_snake_closets, uniq_jessica

Action                   || total
-------------------------++-------
Melee: Unarmed           ||    51
       Tailslap          ||     4
       Short sword       ||    19
       Punch             ||     1
 Cast: Foxfire           ||    13
       Scorch            ||     2
  Use: Potion            ||     1
 Stab: Sleeping          ||     1
Armor: Skin              ||    31
Dodge: Dodged            ||    50

Table legend: (Time is in decaauts)
 A = Elapsed time spent in this place.
 B = Non-inter-level travel time spent in this place.
 C = Inter-level travel time spent in this place.
 D = Time resting spent in this place.
 E = Time spent auto-exploring this place.
 F = Levels seen in this place.
 G = Mean time per level.
                   A        B        C        D        E       F      G
               +--------+--------+--------+--------+--------+-----+--------+
         Total |   1291 |   1249 |     42 |    339 |    721 |   2 |  645.5 |
       Dungeon |   1291 |   1249 |     42 |    339 |    721 |   2 |  645.5 |
               +--------+--------+--------+--------+--------+-----+--------+

Top non-repeatable levels by time:
     D:1: 1279 daAuts
     D:2: 11 daAuts
